AoeStats
← elecfan

Arabia

509899649Analyzed
1v1 RM · 5d ago on Sep 28, 2026· 44m 21s· 2 players
Game mode
Random Map
Map size
Tiny (2 player)
Population
200
Speed
Normal
Resources
Standard
Victory
Conquest
Starting age
Dark Age
Ending age
Imperial Age
RankedLock teamsTeams togetherTeam positionsShared explorationLock speedFull tech treeHidden civsTurbo modeCheats
Victory
Defeat
🇹🇼 Vietnamese · Taiwan
1157
+18
🇨🇴 Gurjaras · Colombia
1201
-18
elecfan
5:48 Loom
8:47 Feudal Age
9:56 Double-Bit Axe
18:45 Wheelbarrow
18:59 Fletching
22:25 Castle Age
20:42 Padded Archer Armor
21:56 Scale Barding Armor
22:02 Bloodlines
22:33 Gold Mining
22:27 Horse Collar
22:31 Elite Skirmisher
27:50 Forging
27:49 Squires
29:29 Hand Cart
29:01 Town Watch
30:11 Stone Mining
30:58 Husbandry
32:09 Stone Shaft Mining
32:38 Pikeman
38:13 Imperial Age
36:11 Ballistics
35:49 Bodkin Arrow
35:17 Light Cavalry
36:21 Bow Saw
36:13 Heavy Plow
37:17 Chain Barding Armor
37:13 Leather Archer Armor
37:34 Iron Casting
37:09 Thumb Ring
36:48 Crossbowman
39:30 Arbalester
39:43 Cavalier
40:57 Halberdier
41:48 Imperial Skirmisher
43:22 Paper Money
43:30 Paper Money
samuelgonzdiz1
6:53 Loom
9:35 Feudal Age
11:15 Double-Bit Axe
17:06 Fletching
22:35 Castle Age
21:28 Gold Mining
21:25 Horse Collar
23:04 Bloodlines
23:01 Scale Barding Armor
25:05 Chain Barding Armor
25:27 Crossbowman
27:13 Bow Saw
29:37 Bodkin Arrow
31:33 Heavy Plow
32:13 Wheelbarrow
37:54 Imperial Age
35:32 Light Cavalry
36:14 Stone Mining
36:36 Padded Archer Armor
36:47 Forging
40:01 Plate Barding Armor
41:15 Heavy Camel Rider
42:51 Conscription
Connection lost

Rejoining the realm…

Still unreachable

The connection could not be restored.

Session expired

The server has moved on; the page needs a fresh start.